 Dungeon Crawl Stone Soup version 0.29.1-12-g30fa7ad0bf (webtiles) character file.

Game seed: 16159859883324697607

46 kingofthe the Stinger (level 3, -5/19 HPs)
             Began as a Deep Elf Venom Mage on Jan 16, 2023.
             Slain by Sigmund
             ... wielding a +0 scythe
              (8 damage)
             ... on level 2 of the Dungeon.
             The game lasted 00:07:30 (2782 turns).

kingofthe the Stinger (Deep Elf Venom Mage)         Turns: 2782, Time: 00:07:30

Health: -5/19      AC:  3    Str:  5    XL:     3   Next: 46%
Magic:  0/10       EV: 13    Int: 19    God:
Gold:   144        SH:  0    Dex: 17    Spells: 6/9 levels left

rFire   . . .      SeeInvis .   l - +0 dagger
rCold   . . .      Faith    .   (no shield)
rNeg    . . .      Spirit   .   a - +0 robe
rPois   .          Reflect  .   (no helmet)
rElec   .          Harm     .   (no cloak)
rCorr   .          Rampage  .   n - +0 pair of gloves
Will    .....                   (no boots)
Stlth   +++.......              (no amulet)
HPRegen 0.06/turn               (no ring)
MPRegen 0.12/turn               (no ring)

@: no status effects
A: no striking features
a: no special abilities


You were on level 2 of the Dungeon.
You visited 1 branch of the dungeon, and saw 2 of its levels.

You collected 144 gold pieces.

Inventory:

Hand Weapons
 l - a +0 dagger (weapon)
Armour
 a - a +0 robe (worn)
 d - a +0 buckler
 n - a +0 pair of gloves (worn)
Scrolls
 e - 4 scrolls of identify {unknown}
 g - a scroll of teleportation {unknown}
 h - 2 scrolls of blinking {unknown}
 i - a scroll of fear {unknown}
 j - a scroll of immolation {unknown}
 o - a scroll of torment {unknown}
Potions
 b - a potion of magic
 c - 2 potions of ambrosia {unknown}
 f - a potion of heal wounds {unknown}
 k - 2 potions of berserk rage {unknown}
 m - a potion of cancellation {unknown}
 p - a potion of curing {unknown}


   Skills:
 * Level 3.3 Dodging
 * Level 3.4 Stealth
 + Level 3.5 Spellcasting
 - Level 1.1 Transmutations
 + Level 3.6 Poison Magic


You had 6 spell levels left.
You knew the following spells:

 Your Spells              Type           Power      Damage    Failure   Level
a - Sting                 Tmut/Pois      48%        1d5       5%          1
b - Poisonous Vapours     Pois/Air       20%        N/A       11%         2

Your spell library contained the following spells:

 Spells                   Type           Power      Damage    Failure   Level
 Passwall                 Tmut/Erth      4%         N/A       17%         2
 Ensorcelled Hibernation  Hex/Ice        6%         N/A       22%         2
 Mephitic Cloud           Conj/Pois/Air  7%         N/A       26%         3
 Olgreb's Toxic Radiance  Pois           17%        N/A       32%         4
 Swiftness                Air            3%         N/A       41%         3


Dungeon Overview and Level Annotations

Branches:
Dungeon (2/15)

Altars:
Zin

Annotations:
D:2 1 runed translucent door, exclusion: door, Crazy Yiuf, Sigmund


Message History

Something hits you but does no damage.
You feel less confused.
Casting: Poisonous Vapours (safe; 11% risk of failure)
Confirm with . or Enter, or press ? or * to list all spells.
Okay, then.
Casting: Poisonous Vapours (safe; 11% risk of failure)
Confirm with . or Enter, or press ? or * to list all spells.
Aiming: Sting (safe; 5% risk of failure)
Press: ? - help, Shift-Dir - straight line The sting hits something.
You hear some strange, mumbled words.
A magic dart appears from out of thin air!
The magic dart hits you!
* * * LOW HITPOINT WARNING * * *
Casting: Sting (safe; 5% risk of failure)
Confirm with . or Enter, or press ? or * to list all spells.
Aiming: Sting (safe; 5% risk of failure)
Press: ? - help, Shift-Dir - straight line Sigmund appears from thin air!
Reactivating autopickup.
Sigmund hits you with a +0 scythe.
* * * LOW HITPOINT WARNING * * *
Casting: Sting (safe; 5% risk of failure)
Confirm with . or Enter, or press ? or * to list all spells.
Aiming: Sting (safe; 5% risk of failure)
Press: ? - help, Shift-Dir - straight line, f - Sigmund
Aim: Sigmund, wielding a +0 scythe and wearing a +0 robe (almost dead, poisoned, 68% to hit)
The sting hits Sigmund but does no damage.
Sigmund looks even sicker.
Sigmund is almost dead.
Sigmund closely misses you.
Casting: Sting (safe; 5% risk of failure)
Confirm with . or Enter, or press ? or * to list all spells.
You don't have enough magic to cast this spell.
You hit Sigmund but do no damage.
Sigmund is almost dead.
You closely miss Sigmund.
Sigmund is almost dead.
Sigmund hits you with a +0 scythe!
You die...

.....# #...# #.#.#...#........
....@#### #...# #.#.#.#.#........
....r...# #...# #.#.#.#.#..###...
....###.###...# #.#.#.#.#..###...
.... #.......# #.#.#.#.....#####
#.......###.#.........# #
#............##.##....#####
#....#.....................
#....#...(@@..#.#......#... #+#
#....#......#.#.#......#... #.#
#....#...##...#.#......#... #.#
#....#...##..<#........#... #.#
######...##..#####.....#...
..##########...##.......#.)#.####
...............###..###.#.)#.#
###########....##.......#..#.####
.............(..........#.)#.....


You could see Sigmund (very poisoned).

Vanquished Creatures
  3 worms
  7 ball pythons
  2 endoplasms (D:1)
  A giant cockroach (D:1)
  8 goblins
  A kobold (D:1)
  A quokka (D:1)
  5 bats
  A frilled lizard (D:1)
  7 rats
36 creatures vanquished.

Vanquished Creatures (others)
  A fungus (D:2)
1 creature vanquished.

Grand Total: 37 creatures vanquished

Notes
Turn   | Place    | Note
-------+----------+-------------------------------------------
     0 | D:1      | kingofthe the Deep Elf Venom Mage began the quest for the
                  | Orb.
     0 | D:1      | Reached XP level 1. HP: 10/10 MP: 6/6
   389 | D:1      | Reached XP level 2. HP: 15/15 MP: 5/8
   394 | D:1      | Learned a level 2 spell: Poisonous Vapours
  1130 | D:1      | Found a faded altar of an unknown god.
  1635 | D:2      | Reached XP level 3. HP: 19/19 MP: 6/9
  1926 | D:2      | Noticed Sigmund
  2399 | D:2      | Found a runed translucent door.
  2400 | D:2      | Noticed Crazy Yiuf
  2498 | D:2      | Found a glowing silver altar of Zin.
  2782 | D:2      | Slain by Sigmund

Illustrated notes

Levels and vault maps discovered:
D:1:      shiori_shiawase, layout_basic,
          shapermc_ecumenical_altar_mp_urbaneastern, serial_bayou_lagoon_a
D:2:      layout_basic, basic_altar, uniq_sigmund, uniq_crazy_yiuf_cottage

Skill      XL: |  1  2 |
---------------+-------+-----
Dodging        | 3 |  3.3
Stealth        | 3 |  3.4
Spellcasting   | |  3.5
Transmutations | |  1.1
Poison Magic   | |  3.6

Action                   || total
-------------------------++-------
Melee: Dagger            ||     4
 Cast: Sting             ||    75
       Poisonous Vapours ||    19
Armor: Robe              ||    11
Dodge: Dodged            ||    25
